[Event "7th Sharjah Masters 2024"]
[Site "Sharjah"]
[Date "2024.05.16"]
[Round "3.33"]
[White "Pranav Anand"]
[Black "Sargsyan, Shant"]
[Result "1/2-1/2"]
[ECO "B30"]
[WhiteElo "2532"]
[BlackElo "2637"]
[Annotator "TA"]
[PlyCount "56"]
[EventDate "2024.05.13"]
[EventType "swiss"]
[EventCountry "UAE"]
[SourceTitle "playchess.com"]
[Source "ChessBase"]
[SourceQuality "1"]
[TimeControl "5400+30"]

1. e4 c5 2. Nf3 Nc6 3. Bb5 e6 4. Bxc6 bxc6 5. b3 f6 6. d3 e5 7. Nh4 Ne7 8. f4 {[%emt 0:00:30] White is slightly better.} exf4 9. Bxf4 d5 10. O-O g5 11. Qh5+ Kd7 12. Bd2 {[%emt 0:00:30][%cal Oh5f7] Strongly threatening Qf7!} gxh4 13. Rxf6 Qe8 $1 14. Rf7 Kc7 {[%emt 0:00:30] ...Bg7 would now be deadly.} 15. exd5 Bg7 $1 16. Nc3 $1 {[%emt 0:00:30] Really sharp!} (16. Rxg7 $2 Qxh5 17. Rxe7+ Kd6 $19) 16... Bd4+ 17. Kh1 {[%emt 0:00:30] Hoping for Re1.} Bg4 18. d6+ $16 (18. Qxg4 Qxf7 19. d6+ Kb6 (19... Kxd6 $2 20. Ne4+ Kc7 21. Ba5+ Kb7 22. Nd6+ Ka6 23. Nxf7 $18) 20. Na4+ (20. dxe7 Qxe7 21. Re1 Qf7 $15) 20... Ka6 21. dxe7 Rhf8 22. exf8=N (22. exf8=R Rxf8 23. h3 Qf1+ 24. Rxf1 Rxf1+ 25. Kh2 Bg1+ 26. Kh1 Be3+ 27. Kh2 Bg1+ 28. Kh1 Be3+ 29. Kh2 Bg1+ $11) 22... Rxf8 $11) (18. Rxe7+ $6 Qxe7 19. Qxg4 Rhg8 20. Qf4+ Kb6 21. Na4+ Ka6 $11) 18... Kb6 19. Qxg4 Qxf7 {[%emt 0:00:30] [#]} 20. dxe7 {[%emt 0:00:30] White is more active.} (20. Na4+ $1 $16 Ka6 21. dxe7) 20... Qxe7 $11 21. Na4+ (21. b4 $1 $11 {keeps the balance.} Rad8 22. Rb1) 21... Kb7 $17 22. c3 (22. Re1 Qf7 23. Nc3 (23. Qxh4 $2 Rae8 $19) 23... Bxc3 24. Bxc3 Rhe8) 22... Rag8 23. Qh3 Bf2 $36 {[%emt 0:00:30][%mdl 2048] And now ...Rg7 would win. White is under strong pressure.} 24. b4 $2 {[%emt 0:00:30] This move loses the game for White.} (24. Qf3 $17 Rf8 25. Bf4) 24... cxb4 $19 25. d4 (25. cxb4 {is a better defense.} Rg6 26. b5) 25... Rf8 {[%emt 0:00:30] aiming for ...Ka8.} 26. Nc5+ Ka8 {[%emt 0:00:30][%cal Of2e1] ...Be1! is the strong threat.} 27. Nd7 {[%emt 0:00:30] [#]} Be1 $1 28. Nxf8 (28. Rxe1 $2 {is a self mate.} Qxe1+ 29. Bxe1 Rf1#) 28... Rxf8 {[%emt 0:00:30] Weighted Error Value: White=0.26 (precise) /Black=0.15 (very precise) .  Loses game:     	White=1     	---        Mistake:       	White=3     	Black=1      OK:         	White=7     	Black=7      Best:        	White=2     	Black=7      Strong:       	White=1     	Black=2} 1/2-1/2

[Event "7th Sharjah Masters 2024"]
[Site "Sharjah"]
[Date "2024.05.16"]
[Round "3.34"]
[White "Banusz, Tamas"]
[Black "Gavrilescu, David"]
[Result "1/2-1/2"]
[ECO "D35"]
[WhiteElo "2623"]
[BlackElo "2540"]
[Annotator "TA"]
[PlyCount "78"]
[EventDate "2024.05.13"]
[EventType "swiss"]
[EventCountry "UAE"]
[SourceTitle "playchess.com"]
[Source "ChessBase"]
[SourceQuality "1"]
[TimeControl "5400+30"]

1. c4 e6 2. Nc3 d5 3. d4 Nf6 4. cxd5 exd5 5. Bg5 Bb4 6. e3 h6 7. Bf4 {[%emt 0:00:09] D35: Queen's Gambit Declined: Exchange Variation.} Bd6 8. Bxd6 Qxd6 9. Bd3 O-O 10. Nge2 Re8 11. Qc2 a6 12. Rd1 $146 ({Predecessor:} 12. O-O Be6 13. a3 Nbd7 14. b4 c6 15. f3 a5 16. Rab1 axb4 17. axb4 Rad8 18. Rfd1 Rc8 19. Qd2 {1-0 Lahdelma,H (2253)-Crevatin,L (2219) Nordic-ch U20 2020 (4)}) 12... Nbd7 13. O-O b6 14. Ng3 Bb7 15. Rfe1 Rad8 16. f3 c5 17. Nf5 Qf8 18. Qf2 g6 19. Qg3 Re6 20. Ne2 Kh8 21. Nh4 $1 (21. Qc7 Rb8 22. Nh4 Qe8) 21... Qg7 $1 22. Nf4 Ree8 23. Bc2 Nf8 24. Nd3 N6d7 25. Qf2 Ne6 26. f4 cxd4 27. f5 dxe3 28. Qxe3 Nef8 $1 ({Much worse is} 28... d4 $6 29. Qd2 Ng5 30. Rxe8+ Rxe8 31. fxg6 $16) 29. Qf2 g5 30. Nf3 Nh7 31. h4 g4 (31... Qf6 $17) 32. Nd2 (32. Nd4 $11 {keeps the balance.}) 32... g3 (32... Nhf6 {simplifies} 33. Rxe8+ Rxe8 34. Nf1 Qf8) 33. Qf4 Nhf6 34. Nf3 (34. Rxe8+ $15 Rxe8 35. Re1) 34... Ne4 ({Better is} 34... Re4 $17 35. Qd2 Rc8) 35. Qc7 (35. Nde5 $5 Nxe5 36. Nxe5 Qxe5 37. Qxh6+ Kg8 38. Bxe4 $17) 35... Ba8 36. Nf4 $1 Ndf6 ({But not} 36... Qxb2 37. Re3 $15) 37. Qxb6 Rb8 38. Qd4 a5 39. b3 Kg8 1/2-1/2

[Event "7th Sharjah Masters 2024"]
[Site "Sharjah"]
[Date "2024.05.16"]
[Round "3.35"]
[White "Klimkowski, Jan"]
[Black "Idani, Pouya"]
[Result "0-1"]
[ECO "B11"]
[WhiteElo "2518"]
[BlackElo "2605"]
[Annotator "TA"]
[PlyCount "58"]
[EventDate "2024.05.13"]
[EventType "swiss"]
[EventCountry "UAE"]
[SourceTitle "playchess.com"]
[Source "ChessBase"]
[SourceQuality "1"]
[TimeControl "5400+30"]

1. e4 c6 2. Nf3 d5 3. Nc3 dxe4 4. Nxe4 Nf6 5. Qe2 Nxe4 6. Qxe4 Nd7 7. d4 Nf6 8. Qd3 g6 {[%emt 0:00:27] The position is equal.} 9. Be2 Bg7 10. O-O O-O 11. Re1 Qc7 12. a4 Bf5 13. Qb3 c5 14. c3 Be4 15. dxc5 Qxc5 16. Bf4 a6 17. Ne5 Rac8 18. Rad1 Nd5 19. Bg3 (19. Qxb7 $2 Nxc3 (19... Nxf4 20. Qxe4 Qxe5 21. Qxe5 $17) 20. Nd7 Bxb7 $19) (19. Nd7 $5 Qc6 $8 20. Ne5 $11 (20. Nxf8 $2 Nxf4 21. Bb5 axb5 $19)) 19... Bxe5 20. Bxe5 Ne3 {[%emt 0:00:07] Repels Bf1} 21. fxe3 Qxe5 $40 {[%emt 0:00:06][%mdl 128] Black has some attack.} 22. Rd4 {[%emt 0:00:48] [#]} (22. Qb6 $15) 22... Bc2 $1 $17 23. Qxb7 $2 {[%emt 0:03:40] Loses the game.} (23. Qxc2 $2 {is the wrong capture.} Qxe3+ 24. Kh1 Qxd4 $19) (23. Qd5 $17 Qxd5 (23... Qxe3+ 24. Kf1 $17) 24. Rxd5) 23... Qxe3+ $19 24. Kf1 {[%emt 0:00:15] [#]} Rc5 $1 {[%emt 0:04:02] Threatens to win with ...Re5.} 25. g4 (25. Qxa6 $142 Re5 26. b3) 25... e5 26. Rb4 (26. Bf3 Bd3+ (26... exd4 27. Rxe3 dxe3 28. Qxa6 $11) 27. Rxd3 Qxd3+ 28. Kg1) 26... a5 {[%emt 0:01:48] Black is clearly winning.} 27. Rb5 Be4 28. Qxe4 Qxe4 29. Rxc5 Qh1+ {[%emt 0:00:24] Weighted Error Value: White=0.68/Black=0.05 (flawless) .  Loses game:     	White=1     	---        Mistake:       	White=3     	---        Inaccurate:     	White=4     	Black=1      OK:         	White=6     	Black=9      Best:        	White=1     	Black=3      Strong:       	---       	Black=2} 0-1

[Event "7th Sharjah Masters 2024"]
[Site "Sharjah"]
[Date "2024.05.16"]
[Round "3.36"]
[White "Yilmazyerli, Mert"]
[Black "Jumabayev, Rinat"]
[Result "1/2-1/2"]
[ECO "E69"]
[WhiteElo "2522"]
[BlackElo "2597"]
[Annotator "TA"]
[PlyCount "76"]
[EventDate "2024.05.13"]
[EventType "swiss"]
[EventCountry "UAE"]
[SourceTitle "playchess.com"]
[Source "ChessBase"]
[SourceQuality "1"]
[TimeControl "5400+30"]

1. d4 Nf6 2. c4 g6 3. Nf3 Bg7 4. g3 d6 5. Bg2 O-O 6. Nc3 Nbd7 7. O-O e5 8. h3 Re8 9. e4 exd4 10. Nxd4 c6 11. Rb1 a5 12. Re1 Nc5 13. b3 Bd7 14. Bf4 Qb6 15. Be3 Rad8 (15... Nfxe4 $2 16. Nxe4 Nxe4 17. Nf5 $18) ({Better is} 15... Qa6 $11) 16. Qc2 $14 Qc7 17. f4 ({White should play} 17. g4 $16) 17... h5 18. Rbd1 Qc8 19. Kh2 b5 20. cxb5 cxb5 21. Ndxb5 Ncxe4 {[%emt 0:03:29] [#] ...Bxb5 would now be deadly.} 22. Rc1 $1 d5 23. Nxe4 Qxc2 (23... Nxe4 24. Nc7 $16) 24. Nxf6+ Bxf6 25. Rxc2 Bxb5 26. Rc5 d4 27. Bd2 Bd3 28. Rxa5 {[%emt 0:00:18] And now Rxe8+ would win.} Kg7 29. Rd5 Rxe1 30. Bxe1 {[%emt 0:00:04] Black must now prevent Rxd8.} Re8 31. Bf2 $1 Re2 32. Kg1 {[%emt 0:00:12] Bf1 is the strong threat.} (32. Bxd4 $2 {perishes.} Be4 (32... Rxa2 $2 33. Bxf6+ Kxf6 34. Rxd3 $18) (32... Rxg2+ $2 33. Kxg2 Be4+ 34. Kf2 $19) 33. Bxf6+ Kxf6 $19) 32... Rxa2 33. Bf3 (33. Bxd4 $2 {is the wrong capture.} Rxg2+ 34. Kxg2 Be4+ 35. Kf2 Bxd5 $19) 33... Ra1+ 34. Kh2 Ra2 (34... Rf1 $5 35. Kg2 $8 Rb1 $11) 35. Kg1 Ra1+ 36. Kh2 Ra2 (36... Rf1 $5 37. Kg2 $8 Rb1 $11) 37. Kg1 Re2 $2 {[%emt 0:01:35][%mdl 8192] [#]} 38. Bg2 $2 (38. Bxd4 Bxd4+ 39. Rxd4 Re1+ 40. Kf2 Rf1+ 41. Kg2 Ba6 $18) ({Only move:} 38. Bxe2 $18 Bxe2 39. Bxd4 Bxd4+ 40. Rxd4) 38... Bf5 {Weighted Error Value: White=0.24 (precise) /Black=0.34.  Loses game:     	---       	Black=1      Missed win:     	White=1     	---        Mistake:       	White=1     	Black=1      Inaccurate:     	---       	Black=1      OK:         	White=8     	Black=10     Best:        	White=2     	---        Strong:       	White=2     	---} 1/2-1/2

[Event "7th Sharjah Masters 2024"]
[Site "Sharjah"]
[Date "2024.05.16"]
[Round "3.37"]
[White "Sethuraman, S.P."]
[Black "Raja Rithvik R"]
[Result "1/2-1/2"]
[ECO "C54"]
[WhiteElo "2593"]
[BlackElo "2524"]
[Annotator "TA"]
[PlyCount "122"]
[EventDate "2024.05.13"]
[EventType "swiss"]
[EventCountry "UAE"]
[SourceTitle "playchess.com"]
[Source "ChessBase"]
[SourceQuality "1"]
[TimeControl "5400+30"]

1. e4 e5 2. Nf3 Nc6 3. Bc4 Bc5 4. d3 Nf6 5. Bg5 d6 6. c3 h6 7. Bh4 g5 8. Bg3 a5 {[%emt 0:01:26] C54: Giuoco Piano: 4 c3 Nf6, main lines with 5 d4 and 5 d3.} 9. Nbd2 O-O 10. h4 g4 11. Nh2 h5 $146 ({Predecessor:} 11... Kg7 12. Qe2 Ne7 13. h5 Nxh5 14. Nxg4 Nxg3 15. fxg3 Ng8 16. Rh4 b5 17. Bd5 Ra6 {1-0 Gabrielian,A (2464)-Pichot,A (2625) Titled Tuesday intern op 22nd Feb Early blitz 2022 (7)}) 12. Qe2 Ne7 13. f4 Ng6 14. f5 Nf4 15. Bxf4 exf4 16. d4 Bb6 17. O-O-O d5 18. Qf1 Nxe4 19. Nxe4 dxe4 20. Qxf4 Qf6 21. Nf1 Qxf5 22. Qh6 Qh7 23. Qg5+ Kh8 24. Ng3 f6 {[%emt 0:01:57] [#]} 25. Qf4 $2 (25. Qxh5 Qxh5 26. Nxh5 c6 $15) (25. Rdf1 $1 $18 fxg5 (25... Be6 $2 26. Rxf6 Bxc4 27. Rh6 $18) 26. Rxf8+ Kg7 27. Rf7+) 25... c6 $1 $11 (25... f5 $2 26. Nxe4 Bd7 27. Ng5 $18) 26. Nxe4 Bc7 27. Qd2 Bf5 28. Nc5 b6 29. Ne6 Bxe6 $1 30. Bxe6 f5 31. Rde1 (31. d5 $142) 31... Rf6 32. Rhf1 {[%emt 0:02:26] [#]} (32. Qg5 $11 Raf8 33. Bb3) 32... Raf8 (32... Bg3 $1 $17 {[%cal Of5f4] Threatens to win with ...f4!} 33. d5 (33. Qg5 $2 Raf8 $19) 33... Bxe1 34. Rxe1 cxd5 35. Bxd5 Raf8) 33. d5 (33. Bc4 $11) 33... cxd5 ({Black should play} 33... Bg3 $1 $15 34. d6 (34. dxc6 $2 f4 $19) 34... Bxh4) 34. Bxd5 $11 Qh6 35. Re7 Qxd2+ 36. Kxd2 Bg3 37. Kc2 Rd6 (37... Bxh4 38. Rh1 Rd6 39. Rxh4) 38. c4 Bxh4 39. Re5 Bg5 (39... Kh7 $11 40. Rfxf5 Rxf5 41. Rxf5 Kh6) 40. Rfxf5 $14 Rxf5 41. Rxf5 Rg6 42. Bf7 Rg7 43. Bxh5 Be3 44. Re5 Bc5 45. a3 Kh7 46. Re4 g3 47. Bf3 Kg6 48. Kc3 Kf6 49. b4 axb4+ 50. axb4 Bf2 51. Kb3 Re7 52. Rg4 Re1 53. Ka4 Rb1 54. Kb5 ({Better is} 54. Rh4 $14) 54... Bc5 $11 55. Rg6+ Ke5 56. Rg5+ Kd4 57. Rg4+ (57. Rxg3 Rxb4+ 58. Kc6 Rxc4) 57... Ke5 58. Rg5+ Kd4 59. Kc6 Rxb4 60. Rxg3 Rxc4 61. Rg4+ Kc3 $1 1/2-1/2

[Event "7th Sharjah Masters 2024"]
[Site "Sharjah"]
[Date "2024.05.16"]
[Round "3.38"]
[White "Avila Pavas, Santiago"]
[Black "Moroni, Luca Jr"]
[Result "0-1"]
[ECO "B30"]
[WhiteElo "2516"]
[BlackElo "2581"]
[Annotator "TA"]
[PlyCount "104"]
[EventDate "2024.05.13"]
[EventType "swiss"]
[EventCountry "UAE"]
[SourceTitle "playchess.com"]
[Source "ChessBase"]
[SourceQuality "1"]
[TimeControl "5400+30"]

1. e4 c5 2. Nf3 Nc6 3. Bb5 Qc7 4. O-O a6 5. Bxc6 dxc6 6. h3 e5 {[%emt 0:00:23] B30: Sicilian: 2...Nc6 3 Bb5, lines without ...g6.} 7. a4 a5 8. Na3 Ne7 9. c3 $146 ({Predecessor:} 9. Nc4 Ng6 10. d3 Be7 11. c3 Be6 12. Ng5 Bxg5 13. Bxg5 f6 14. Be3 Bxc4 15. dxc4 {1-0 Maghsoodloo,P (2676)-Baum,J (2373) Titled Tuesday intern op 7th July blitz 2020 (1)}) 9... Ng6 10. d4 cxd4 11. cxd4 exd4 12. Qxd4 Be6 13. Ng5 Bd7 14. Rd1 Rd8 15. Qc4 Ne5 16. Bf4 Nf3+ 17. Nxf3 Qxf4 18. Qc3 Be7 19. Nc4 O-O 20. Nxa5 (20. Qxa5 Bxh3 (20... Qxe4 21. Nd6 $14) 21. Rxd8 Bxd8 $17 (21... Rxd8 22. Nce5 $15)) 20... Bc8 21. Qe5 Qxe5 22. Nxe5 f6 23. Nf3 Bb4 24. Nc4 Be6 25. Ne3 Bb3 26. Rxd8 Rxd8 27. a5 Bc5 28. a6 Ra8 29. Rc1 (29. axb7 Rxa1+ 30. Kh2 Bd6+ 31. g3 Ra7 $19) 29... b6 30. Ra1 Ra7 31. Nf5 Bc2 32. Ng3 Bd3 33. Nh4 (33. Rd1 $11 {keeps the balance.} Bxa6 34. Ra1) 33... Kf7 (33... Bxa6 34. Nf3 $11) 34. Nhf5 {[%emt 0:00:29] [#]} (34. Rd1 $15 Bxa6 35. Ra1) 34... g6 $1 $17 (34... Bxa6 35. Ne2 $17 (35. Nh5 g6 $17)) (34... Rxa6 35. Rd1 Bc2 36. Rd2 $14 (36. Rd7+ Ke6 $11)) 35. Rd1 Bxa6 36. Nh6+ Kg7 37. Ng4 h5 38. Ne3 Bb5 39. h4 Kf7 40. Rd8 Ra1+ 41. Kh2 Rb1 42. Rd7+ Ke6 43. Rg7 Bf8 44. Rb7 Bc5 (44... Rxb2 45. f4 $17) 45. Rg7 Bxe3 $2 (45... Rxb2 $19 46. Rxg6 Rxf2) 46. fxe3 $17 Rxb2 47. Rxg6 Be2 48. Nf5 (48. Rh6 $17) 48... Ke5 $19 49. Ne7 (49. Rg8 {might work better.} Kxe4 50. Ng3+ Kxe3 51. Re8+ Kd3 52. Nxe2 Rxe2 53. Rxe2 Kxe2 54. g4 hxg4 55. Kg3) 49... Rc2 $19 ({Weaker is} 49... Kxe4 50. Nxc6 b5 (50... Kxe3 51. Rxf6 b5 52. Rf8 $17) 51. Nd4 $17) ({Don't take} 49... c5 50. Nd5 $19) 50. Rg8 Kxe4 51. Rc8 c5 (51... Kxe3 52. Nf5+ Kd2 53. Rd8+ Ke1 54. Re8 $19) 52. Kg3 (52. Ng8 $142 Kxe3 53. Nxf6) 52... Bf1 (52... Kxe3 $2 53. Nd5+ Ke4 54. Nxb6 $17) 0-1

[Event "7th Sharjah Masters 2024"]
[Site "Sharjah"]
[Date "2024.05.16"]
[Round "3.39"]
[White "Gurel, Ediz"]
[Black "Cardoso Cardoso, Jose Gabriel"]
[Result "1-0"]
[ECO "B94"]
[WhiteElo "2578"]
[BlackElo "2497"]
[Annotator "TA"]
[PlyCount "65"]
[EventDate "2024.05.13"]
[EventType "swiss"]
[EventCountry "UAE"]
[SourceTitle "playchess.com"]
[Source "ChessBase"]
[SourceQuality "1"]
[TimeControl "5400+30"]

1. e4 c5 2. Nf3 d6 3. d4 cxd4 4. Nxd4 Nf6 5. Nc3 a6 6. Bg5 Nbd7 7. Bc4 Qb6 {[%emt 0:00:19] B94: Sicilian Najdorf: 6 Bg5 Nbd7.} 8. Bb3 e6 9. Bxf6 Nxf6 10. Qd2 Nd7 {[%emt 0:00:44] 10...Nd7 scores better than 10...Be7.} 11. O-O-O Nc5 12. Rhe1 Bd7 {[%emt 0:08:45] [#]} 13. Nf5 (13. f4 $1 $11) 13... O-O-O (13... exf5 $6 14. exf5+ Kd8 (14... Be7 $2 15. Rxe7+ Kd8 16. Rxf7 $18) 15. Bxf7 $11) (13... Nxb3+ $17 14. cxb3 exf5) 14. Nxd6+ $11 Bxd6 (14... Qxd6 $6 15. Qxd6 Bxd6 16. Rxd6 $16) 15. Qxd6 Nxb3+ $1 16. axb3 Qxf2 17. Rf1 Qe3+ 18. Kb1 Bb5 $1 19. Nxb5 Rxd6 20. Nxd6+ Kb8 21. Rxf7 Rd8 22. Ka2 Qe2 (22... Qb6 $2 23. Nc4 $18 (23. Rxb7+ $2 Qxb7 24. Nxb7 Rxd1 $19)) 23. Rd4 (23. Rxb7+ $2 Ka8 24. Rd4 Rxd6 $19 (24... Qxc2 $2 25. Rb6 $18)) 23... Ka8 $146 ({Predecessor:} 23... Qh5 24. Rxb7+ Ka8 25. Rdb4 Qc5 26. R7b6 Qa5+ 27. Kb1 Ka7 28. Rb7+ Ka8 29. c3 Qh5 30. R4b6 Qe2 31. Ka2 Qd3 32. e5 {1-0 Fawzy,A (2490)-Shahil,D (2400) Guwahati op 1st 2022 (4)}) 24. Rxg7 (24. Rxb7 $2 Rxd6 (24... Qxc2 $2 25. Rb6 $18) 25. Rdb4 Rd8 $19 (25... Qxg2 26. Rb8+ Ka7 27. R4b7#)) 24... Qh5 (24... Qxc2 $11 {remains equal.} 25. Rc4 (25. Rxb7 $2 Rxd6 26. Rxd6 Kxb7 $19) 25... Qd2 26. Nxb7 Rd7 27. Rxd7 Qxd7) 25. Nb5 $1 $16 (25. Rxb7 $2 Rxd6 (25... Qxh2 $2 26. Rb6 $18) 26. Rxd6 Kxb7 27. Rxe6 Qxh2 28. Re7+ Kc8 $19) 25... Rf8 $2 (25... Rc8 $16 26. Na3 Qe5) 26. Na3 $1 $18 (26. Nc7+ Kb8 27. Rgd7 (27. Nxe6 Qa5+ 28. Ra4 Qe5 $15) 27... Rf7 28. Rxf7 (28. Nxe6 Qa5+ 29. Kb1 Rf1+ 30. Rd1 Qb5 $11) 28... Qxf7 $17) 26... Qxh2 27. Nc4 Qh4 28. c3 (28. Rdd7 $18 {Threatening mate with Nb6+.} Qxe4 29. Na5) 28... Rd8 $16 29. Nb6+ $1 Ka7 {[%emt 0:00:27] [#]} 30. Rb4 $1 a5 $2 {[%emt 0:01:16][%mdl 8192] [#]} (30... Rb8 $16) 31. Rb5 $1 $18 ({But not} 31. g3 $2 Qh1 $19) 31... Qxe4 32. Nc4 (32. Rxa5+ Kxb6 33. Ra4 Qd5 34. Rb4+ Ka7 35. Rxh7 Rd6 (35... Qxg2 $2 36. Ra4+ Kb8 37. Rb4 $19) 36. Ra4+ Ra6 37. Rxa6+ Kxa6 $19) ({Weaker is} 32. Nd7 Rxd7 33. Rxd7 Qxg2 34. Rxa5+ Kb6 $18) (32. Na4 $142 Qc6 33. Rxa5+ Kb8 34. Nc5) 32... a4 $2 (32... Qc6 $18 33. Rxa5+ Kb8 34. Rxh7 Rg8) 33. Ra5+ 1-0

[Event "7th Sharjah Masters 2024"]
[Site "Sharjah"]
[Date "2024.05.16"]
[Round "3.40"]
[White "Dronavalli, Harika"]
[Black "Peralta, Fernando"]
[Result "1/2-1/2"]
[ECO "E38"]
[WhiteElo "2504"]
[BlackElo "2575"]
[Annotator "TA"]
[PlyCount "58"]
[EventDate "2024.05.13"]
[EventType "swiss"]
[EventCountry "UAE"]
[SourceTitle "playchess.com"]
[Source "ChessBase"]
[SourceQuality "1"]
[TimeControl "5400+30"]

1. d4 Nf6 2. c4 e6 3. Nc3 Bb4 4. Qc2 d6 5. e3 c5 6. Nf3 O-O 7. Bd3 d5 8. a3 Bxc3+ 9. Qxc3 cxd4 10. exd4 dxc4 11. Bxc4 b6 12. Bg5 Bb7 13. Qd3 {[%emt 0:00:30] Prevents Ne4} Nbd7 {[%emt 0:00:30] Black is slightly better.} 14. O-O {[%emt 0:00:30] The position is equal.} Rc8 15. Rac1 h6 16. Bd2 Nd5 17. Ne5 Nxe5 18. dxe5 Qh4 19. Bxd5 Bxd5 20. Qg3 Qh5 (20... Qxg3 {simplifies} 21. hxg3 Bc4 22. Rfd1 Bb3) 21. h3 Rfd8 22. Bf4 Bb7 23. Kh2 Kh7 24. Rxc8 Rxc8 25. Qd3+ Qg6 26. Qxg6+ Kxg6 27. Rc1 {[%emt 0:00:30] Dodges Rc2} Rxc1 28. Bxc1 Kf5 29. Bd2 g6 {[%emt 0:00:30] Not much happened in this game.   Weighted Error Value: White=0.05 (flawless) /Black=0.05 (flawless) .  Inaccurate:     	White=1     	Black=1      OK:         	White=9     	Black=6} 1/2-1/2

[Event "7th Sharjah Masters 2024"]
[Site "Sharjah"]
[Date "2024.05.16"]
[Round "3.41"]
[White "Seemann, Jakub"]
[Black "Can, Emre"]
[Result "1-0"]
[ECO "B81"]
[WhiteElo "2475"]
[BlackElo "2549"]
[Annotator "TA"]
[PlyCount "144"]
[EventDate "2024.05.13"]
[EventType "swiss"]
[EventCountry "UAE"]
[SourceTitle "playchess.com"]
[Source "ChessBase"]
[SourceQuality "1"]
[TimeControl "5400+30"]

1. e4 c5 2. Nf3 d6 3. d4 cxd4 4. Nxd4 Nf6 5. Nc3 a6 6. h3 e6 7. g4 d5 8. exd5 Nxd5 9. Nde2 h5 10. Nxd5 exd5 11. Qd3 hxg4 12. Bd2 Nd7 13. Qxd5 Qb6 14. O-O-O Nf6 15. Qe5+ Qe6 16. Qxe6+ Bxe6 17. Nf4 Bc5 18. Bg2 O-O-O 19. Nxe6 fxe6 20. Rdf1 Kc7 21. Bf4+ Kb6 22. Re1 Rde8 23. hxg4 Rxh1 24. Rxh1 Nxg4 25. Rh3 Ka7 26. Rc3 Bb6 27. Bc7 Re7 28. Bxb6+ Kxb6 29. Rc4 Nf6 (29... Nxf2 $2 30. Rf4 $18) 30. Rb4+ Ka7 $1 31. Kd2 Nd5 32. Rd4 Rf7 33. Bxd5 exd5 34. Ke3 Re7+ 35. Kf3 Re5 36. Rd2 Kb6 37. Kf4 Rh5 38. Re2 Rh4+ 39. Ke5 Kc5 40. f4 Rh5+ 41. Ke6 Rh6+ 42. Kf5 Kd6 43. c3 a5 44. a4 Rh5+ 45. Kg6 Rh4 46. f5 (46. Kxg7 $2 Rg4+ (46... Rxf4 $2 47. b3 $19) 47. Kh7 Rxf4 $19) 46... Rg4+ 47. Kh5 (47. Kf7 Rg5 (47... Rf4 48. Re6+ Kd7 49. Re5 $11) 48. Rf2 (48. Re6+ Kc5 $15) 48... Ke5) 47... Re4 48. Rg2 Ke7 ({Much weaker is} 48... Rxa4 $6 49. Rxg7 b5 50. Rg2 $16) 49. Kg6 Kf8 50. Rd2 Rg4+ 51. Kh5 Rxa4 52. Rxd5 Ra1 53. Rb5 Kf7 (53... Ke7 $11 {remains equal.}) 54. Kg5 $1 $16 ({But not} 54. Rxb7+ $6 Kf6 $11) 54... a4 (54... Rg1+ $142 55. Kf4 g5+ 56. fxg6+ Rxg6) 55. Rxb7+ $16 Kf8 {[%emt 0:00:04] [#]} 56. Rb8+ ({White must play} 56. Kf4 $1 $18) 56... Kf7 57. Rb7+ (57. c4 $16) 57... Kf8 $1 $18 {[%emt 0:00:07] [#]} 58. Kf4 $1 a3 $2 (58... Rc1 59. Ra7 Rb1) 59. bxa3 $18 Rxa3 60. c4 Ra6 61. Ke5 Ra5+ 62. Ke6 Ra6+ 63. Kd7 Ra5 64. Rb5 Ra7+ 65. Kc6 Ra6+ 66. Rb6 Ra5 67. c5 Ke7 68. Rb5 Ra1 69. Kb7 Rc1 70. c6 Kd6 71. Rb2 Ke5 72. Rg2 Kd5 1-0

[Event "7th Sharjah Masters 2024"]
[Site "Sharjah"]
[Date "2024.05.16"]
[Round "3.42"]
[White "Erdos, Viktor"]
[Black "Assaubayeva, Bibisara"]
[Result "1/2-1/2"]
[ECO "C78"]
[WhiteElo "2546"]
[BlackElo "2481"]
[Annotator "TA"]
[PlyCount "70"]
[EventDate "2024.05.13"]
[EventType "swiss"]
[EventCountry "UAE"]
[SourceTitle "playchess.com"]
[Source "ChessBase"]
[SourceQuality "1"]
[TimeControl "5400+30"]

1. e4 e5 2. Nf3 Nc6 3. Bb5 a6 4. Ba4 Nf6 5. O-O Bc5 6. d3 b5 7. Bb3 O-O 8. Nc3 h6 9. Nd5 Re8 10. Be3 d6 {[%emt 0:00:30] White is slightly better.} 11. a4 {[%emt 0:00:30] Black must now prevent Bxc5.} Rb8 12. axb5 axb5 13. c3 Nxd5 14. Bxd5 Qd7 15. Qd2 Bxe3 16. fxe3 Nd8 17. Ra7 Bb7 18. Nh4 c6 (18... g6 $14) 19. Bb3 $16 {[%emt 0:00:30] White has more active pieces.} d5 20. Nf5 (20. Qf2 $16) 20... Kh7 (20... g6 $14) 21. Qf2 Ra8 {[%emt 0:00:30] [#]} (21... g6 $16) 22. Rxa8 $1 $18 Bxa8 23. d4 ({Only move:} 23. Qh4 $18) 23... g6 $14 24. Ng3 Qe7 25. Qf6 Qxf6 26. Rxf6 Kg7 27. Rd6 Nb7 28. Rd7 (28. Rxc6 Na5 29. Rc5 Nxb3 $19) 28... Na5 29. Ba2 Nc4 30. Bxc4 bxc4 $11 {[%emt 0:00:30] KRB-KRN} 31. Ra7 exd4 32. exd4 Rb8 33. e5 Bb7 34. Kf2 Bc8 35. Ra2 Be6 {[%emt 0:00:30] Weighted Error Value: White=0.16 (very precise) /Black=0.20 (precise) .  Mistake:       	White=2     	Black=3      Inaccurate:     	White=2     	Black=2      OK:         	White=13    	Black=10     Strong:       	White=1     	---} 1/2-1/2